 Dungeon Crawl Stone Soup version 0.30-a0-304-gdc4b735fe1 (webtiles) character file.

Game seed: 3559642077815385407

5186 Iusername the Blocker (level 10, -7/139 HPs)
             Began as a Minotaur Fighter on Oct 20, 2022.
             Was a Believer of Qazlal.
             Killed by vampiric draining
             ... invoked by a vampire
              (15 damage)
             ... on level 7 of the Dungeon.
             The game lasted 00:10:30 (8938 turns).

Iusername the Blocker (Minotaur Fighter)            Turns: 8938, Time: 00:10:30

Health: -7/139     AC: 25    Str: 26    XL:     10   Next: 34%
Magic:  0/9        EV:  2    Int:  5    God:    Qazlal [**....]
Gold:   388        SH: 12    Dex:  9    Spells: 9/9 levels left

rFire   . . .      SeeInvis .    a - +2 war axe
rCold   . . .      Faith    .    c - +3 buckler
rNeg    . . .      Spirit   +    (body armour currently unavailable)
rPois   +          Reflect  .    (helmet currently unavailable)
rElec   .          Harm     .    (cloak currently unavailable)
rCorr   .          Rampage  .    (gloves currently unavailable)
Will    .....      NoTele   +    (boots currently unavailable)
Stlth   +.........               q - amulet of guardian spirit
HPRegen 0.43/turn                (no ring)
MPRegen 0.11/turn                (no ring)

@: brilliant, tree-form, invisible
A: stationary, stasis, torment immunity, boosted hp, (horns 2), (retaliatory
headbutt)
a: Renounce Religion, Upheaval


You were on level 7 of the Dungeon.
You worshipped Qazlal.
Qazlal was pleased with you.
You were a tree.
You visited 1 branch of the dungeon, and saw 7 of its levels.

You collected 388 gold pieces.

Inventory:

Hand Weapons
 a - a +2 war axe (weapon)
Missiles
 y - a throwing net (quivered)
Armour
 b - a +0 scale mail (melded)
 c - a +3 buckler (worn)
 w - a +0 pair of boots (melded)
Jewellery
 j - a ring of fire
 n - an amulet of reflection
 q - an amulet of guardian spirit (around neck)
 u - a ring of willpower
Wands
 d - a wand of polymorph (5)
 r - a wand of quicksilver (9)
 x - a wand of iceblast (1)
 C - a wand of digging (1)
Scrolls
 e - a scroll of enchant weapon
 h - 3 scrolls of identify
 i - 2 scrolls of brand weapon {unknown}
 p - a scroll of vulnerability {unknown}
 t - a scroll of immolation {unknown}
 B - a scroll of fear {unknown}
 D - 3 scrolls of poison {unknown}
Potions
 k - a potion of magic
 l - a potion of cancellation
 m - a potion of resistance
 z - 2 potions of mutation
 A - a potion of attraction


   Skills:
 + Level 9.9 Fighting
 + Level 9.6 Axes
 + Level 9.9 Armour
 + Level 10.0 Shields


You had 9 spell levels left.
You didn't know any spells.
Your spell library contained the following spells:

 Spells                   Type           Power      Damage    Failure   Level
 Petrify                  Tmut/Erth      0%         N/A       99%         4
 Metabolic Englaciation   Hex/Ice        0%         N/A       100%        5
 Statue Form              Tmut/Erth      0%         N/A       100%        6


Dungeon Overview and Level Annotations

Branches:
Dungeon (7/15)             Temple (0/1) D:7

Altars:
Nemelex Xobeh
Qazlal
Trog
Vehumet
Xom
Yredelemnul
The Shining One

Shops:
D:1 [   D:6 [


Innate Abilities, Weirdness & Mutations

You are a tree.
Your roots penetrate the ground, keeping you stationary.
You cannot be teleported.
You are immune to unholy pain and torment.
Your maximum health is greatly increased.
Your equipment is partially melded.
((You have a pair of horns on your head.))
((You reflexively headbutt those who attack you in melee.))


Message History

You feel less confused. You block something's attack. x2
You barely miss something.
A vampire appears from thin air!
Reactivating autopickup.
You block the vampire's attack.
The vampire bites you but does no damage.
You barely miss the vampire.
The vampire is lightly damaged.
You block the vampire's attack. x2
You slash the vampire!
The vampire is heavily damaged.
You block the vampire's attack. The vampire barely misses you.
You closely miss the vampire.
The vampire is heavily damaged.
The vampire completely misses you.
The vampire bites you but does no damage.
You closely miss the vampire.
The vampire is heavily damaged.
The vampire casts a spell at you.
You are confused.
You attack the stone wall.
The vampire hits you but does no damage.
The vampire completely misses you. The vampire hits you.
* * * LOW HITPOINT WARNING * * *
The vampire bites you!
* * * LOW HITPOINT WARNING * * *
The vampire draws strength from your injuries!
You attack the stone wall.
The vampire gestures wildly while chanting.
The vampire flickers and vanishes!
Deactivating autopickup; reactivate with Ctrl-A.
You hit something. Something hits you but does no damage.
Something bites you but does no damage.
You attack the stone wall.
Something hits you but does no damage. Something bites you but does no damage.
You barely miss something.
You feel less confused. Something hits you but does no damage.
Something bites you but does no damage.
You hit something but do no damage.
You die...

..##.#.#.#.##............#
.###.#.#.#.###..###'###..##
.#.#.#.#.#.#.#.##.....##..##
.#.#.#.#.#.#.###.#####.##..#
.'.....)......#.##...##.##.#
.#.#.#.#.#.#...##.###.##.#.#
.#.#.#.#.#.#...#.## ##|#.#.#
.###.#.#.#.##..#)# #.##'.#
..##.#.#.#.##..#♣# ##.##.#
#..###.#.#####.##{# ##.#.#
....###.....###.##.. ##)##.#
..#...##..#..###.#####.##..#
.....##..###..###.....##..##
....##.#.....#.####'###..##
#...#...##.##...#........##
.#..#.#.#...#.#.#.#.......#
.#...##...8...##'.#.......#


There were no monsters in sight!

Vanquished Creatures
  An ugly thing (D:7)
  An unseen horror (D:7)
  2 trolls (D:7)
  2 slime creatures (D:7)
  Sigmund (D:4)
  2 yaks (D:7)
  A shadow (D:7)
  A steam dragon (D:7)
  A water moccasin (D:6)
  2 orc warriors
  3 ice beasts
  A black bear (D:6)
  A sky beast (D:6)
  An ogre (D:4)
  3 centaurs
  2 phantoms (D:5)
  2 kobold brigands (D:7)
  6 bullfrogs
  3 scorpions
  A necrophage (D:7)
  A gnoll sergeant (D:7)
  3 wights (D:7)
  2 howler monkeys (D:7)
  A jelly (D:7)
  4 hounds
  5 orc priests
  5 iguanas
  Jessica (D:2)
  5 orc wizards
  3 gnolls (D:7)
  6 adders
  A shadow imp (D:7)
  An ufetubus (D:6)
  A worm (D:4)
  5 dart slugs
  14 orcs
  5 ball pythons
  5 bats
  5 endoplasms
  A giant cockroach (D:4)
  4 goblins
  11 hobgoblins
  A jackal (D:1)
  16 kobolds
  3 quokkas
  3 frilled lizards
  2 giant cockroach zombies (D:3)
  4 rats
155 creatures vanquished.

Vanquished Creatures (others)
  An ice beast (D:7)
  2 plants (D:2)
3 creatures vanquished.

Grand Total: 158 creatures vanquished

Notes
Turn   | Place    | Note
-------+----------+-------------------------------------------
     0 | D:1      | Iusername the Minotaur Fighter began the quest for the Orb.
     0 | D:1      | Reached XP level 1. HP: 19/19 MP: 0/0
   135 | D:1      | Reached XP level 2. HP: 20/27 MP: 1/1
   295 | D:1      | Found Tios's Antique Armour Emporium.
   299 | D:1      | Reached skill level 4 in Shields
   726 | D:2      | Reached XP level 3. HP: 33/33 MP: 2/2
   982 | D:2      | Found a faded altar of an unknown god.
  1146 | D:2      | Noticed Jessica
  1151 | D:2      | Killed Jessica
  1152 | D:2      | Reached XP level 4. HP: 18/40 MP: 3/3
  1785 | D:3      | Found a sparkling altar of Nemelex Xobeh.
  1825 | D:3      | Found a shimmering altar of Xom.
  2064 | D:3      | Found a basalt altar of Yredelemnul.
  2329 | D:3      | You fall into a shaft and drop 3 floors!
  2336 | D:6      | Noticed a water moccasin
  2348 | D:6      | Killed a water moccasin
  2349 | D:6      | Reached skill level 5 in Fighting
  2349 | D:6      | Reached skill level 5 in Shields
  2349 | D:6      | Reached XP level 5. HP: 31/48 MP: 1/4
  2602 | D:5      | Entered Level 5 of the Dungeon
  2612 | D:5      | Reached skill level 5 in Armour
  2612 | D:5      | Reached XP level 6. HP: 34/56 MP: 3/5
  3608 | D:4      | Found a stormy altar of Qazlal.
  3674 | D:4      | Noticed Sigmund
  3688 | D:4      | Killed Sigmund
  3689 | D:4      | Reached skill level 5 in Axes
  3689 | D:4      | Reached XP level 7. HP: 44/62 MP: 6/6
  4124 | D:4      | Became a worshipper of Qazlal Stormbringer
  4929 | D:5      | Reached skill level 6 in Shields
  5208 | D:5      | Reached XP level 8. HP: 71/71 MP: 7/7
  5261 | D:5      | Found a bloodstained altar of Trog.
  6037 | D:6      | Reached * piety under Qazlal
  6038 | D:6      | Reached skill level 7 in Shields
  6302 | D:6      | Found Ibujeari's Armour Shoppe.
  6688 | D:6      | Found a radiant altar of Vehumet.
  6928 | D:7      | Reached XP level 9. HP: 81/81 MP: 8/8
  6949 | D:7      | Reached skill level 8 in Shields
  6988 | D:7      | Found a glowing golden altar of the Shining One.
  7082 | D:7      | Reached ** piety under Qazlal
  7173 | D:7      | Noticed a purple ugly thing
  7194 | D:7      | Killed a purple ugly thing
  7195 | D:7      | Reached skill level 9 in Shields
  7250 | D:7      | Noticed a troll
  7265 | D:7      | Killed a troll
  7760 | D:7      | Noticed a troll
  8163 | D:7      | Reached XP level 10. HP: 91/91 MP: 9/9
  8798 | D:7      | Found a staircase to the Ecumenical Temple.
  8916 | D:7      | Reached skill level 10 in Shields
  8933 | D:7      | HP: 5/139 [vampire (7)]
  8938 | D:7      | Killed from afar by a vampire

Illustrated notes

Levels and vault maps discovered:
D:1:      roderic_crop_circles_arrival_small, layout_basic, serial_shops,
          nicolae_lakefront_shop, minmay_split_cup_large
D:2:      layout_loops_ring, shapermc_ecumenical_altar_acropolis, uniq_jessica
D:3:      layout_basic, lemuel_tele_altar, lemuel_zombie_altar_yredelemnul,
          mainiacjoe_overflow_paths
D:4:      layout_basic, grunt_qazlal_clouds, uniq_sigmund
D:5:      layout_gridville, trog_hazing_becter
D:6:      layout_gridville, fiery_altar_vehumet, serial_shops, shop_statue,
          nicolae_titane
D:7:      minmay_the_grid_octo_triangle [minmay_the_grid_octo_teeth,
          minmay_the_grid_octo_prize_single_spiral, minmay_the_grid_octo_focus],
          layout_rooms, general_overflow_altar, lemuel_temple_firewalk_a

Skill      XL: |  1  2  3  4  5  6  7  8  9 10 |
---------------+-------------------------------+-----
Shields        | 4 5 6 7 9 10 | 10.0
Fighting       | 4 5 6 7 9 |  9.9
Axes           | 3 4 5 6 7 9 |  9.6
Armour         | 4 5 6 7 9 |  9.9

Action                   |  1- 3 |  4- 6 |  7- 9 | 10-12 || total
-------------------------+-------+-------+-------+-------++-------
Melee: War axe           |    66 |    99 |   221 |    55 ||   441
       Headbutt          |    10 |    13 |    39 |     9 ||    71
       Unarmed           |       |     8 |       |       ||     8
  Use: Potion            |       |     3 |    11 |     4 ||    18
       Scroll            |       |       |    18 |       ||    18
Armor: Scale mail        |    36 |    47 |    93 |    26 ||   202
       Skin              |       |       |       |    19 ||    19
Dodge: Dodged            |    17 |    47 |   109 |    16 ||   189
Block: Buckler           |    10 |    30 |   112 |    39 ||   191

Table legend: (Time is in decaauts)
 A = Elapsed time spent in this place.
 B = Non-inter-level travel time spent in this place.
 C = Inter-level travel time spent in this place.
 D = Time resting spent in this place.
 E = Time spent auto-exploring this place.
 F = Levels seen in this place.
 G = Mean time per level.
                   A        B        C        D        E       F      G
               +--------+--------+--------+--------+--------+-----+--------+
         Total |   9047 |   8878 |    169 |   3005 |   4549 |   7 | 1292.4 |
       Dungeon |   9047 |   8878 |    169 |   3005 |   4549 |   7 | 1292.4 |
               +--------+--------+--------+--------+--------+-----+--------+

Top non-repeatable levels by time:
     D:7: 1739 daAuts
     D:4: 1737 daAuts
     D:5: 1545 daAuts
     D:6: 1488 daAuts
     D:2: 995 daAuts
     D:3: 808 daAuts
     D:1: 731 daAuts
